 Dungeon Crawl Stone Soup version 0.29-a0-321-gf1c400731a (webtiles) character file.

Game seed: 7446621131900638044

1535 Flugslaktarn the Skirmisher (level 8, -14/68 HPs)
             Began as a Palentonga Enchanter on Apr 2, 2022.
             Killed from afar by a steam dragon (20 damage)
             ... with a ball of steam
             ... on level 7 of the Dungeon.
             The game lasted 00:21:43 (3062 turns).

Flugslaktarn the Skirmisher (Palentonga Enchanter)  Turns: 3062, Time: 00:21:43

Health: -14/68     AC: 15    Str: 12    XL:     8   Next: 55%
Magic:  10/11      EV:  9    Int: 18    God:
Gold:   252        SH:  0    Dex: 10    Spells: 6/11 levels left

rFire   . . .      SeeInvis +   t - +6 dagger (venom)
rCold   . . .      Faith    .   (no shield)
rNeg    . . .      Spirit   .   o - +1 leather armour of Defiance {rElec}
rPois   .          Reflect  .   s - +1 helmet
rElec   +          Harm     .   y - +0 cloak
rCorr   .          Rampage  .   (no gloves)
Will    .....                   (no barding)
Stlth   +.........              (no amulet)
HPRegen 0.21/turn               (no ring)
MPRegen 0.12/turn               (no ring)

@: curled up
A: large, rugged brown scales 3, see invisible, deformed body, roll 1, armoured
tail, reflexive curl, claws 1
a: Rolling Charge


You were on level 7 of the Dungeon.
You visited 1 branch of the dungeon, and saw 7 of its levels.

You collected 252 gold pieces.

Inventory:

Hand Weapons
 a - a +1 dagger
 i - a +0 morningstar
   (You found it on level 2 of the Dungeon)
 m - a +1 dagger of protection
   (You took it off a goblin on level 1 of the Dungeon)
 p - a +1 dagger of draining
   (You took it off a goblin on level 3 of the Dungeon)
 t - a +6 dagger of venom (weapon)
   (You took it off a kobold on level 4 of the Dungeon)
Missiles
 e - 2 boomerangs
 h - 11 poisoned darts
 u - 2 silver javelins
Armour
 b - a +0 robe
 o - the +1 leather armour of Defiance (worn) {rElec}
   (You found it on level 3 of the Dungeon)

   rElec:     It insulates you from electricity.
 s - a +1 helmet (worn)
   (You took it off Robin on level 3 of the Dungeon)
 y - a +0 cloak (worn)
   (You found it on level 6 of the Dungeon)
Wands
 d - a wand of flame (12)
   (You took it off Robin on level 3 of the Dungeon)
Scrolls
 g - a scroll of fog
 n - a scroll of holy word {unknown}
 r - a scroll of vulnerability {unknown}
 v - a scroll of immolation {unknown}
 w - a scroll of noise {unknown}
 z - a scroll of blinking
Potions
 c - a potion of lignification
 j - a potion of flight
 k - a potion of mutation
 q - a potion of attraction {unknown}
 x - a potion of brilliance
 A - a potion of magic
 B - a potion of cancellation {unknown}


   Skills:
 - Level 6.0 Fighting
 - Level 6.0 Short Blades
 + Level 2.7 Dodging
 - Level 2.0 Stealth
 - Level 2.0 Spellcasting
 - Level 6.0 Hexes
 - Level 2.0 Ice Magic


You had 6 spell levels left.
You knew the following spells:

 Your Spells              Type           Power      Damage    Failure   Level
a - Ensorcelled Hibernat  Hex/Ice        32%        N/A       7%          2
b - Confusing Touch       Hex            23%        N/A       6%          3

Your spell library contained the following spells:

 Spells                   Type           Power      Damage    Failure   Level
 Tukima's Dance           Hex            23%        N/A       6%          3
 Dazzling Flash           Conj/Hex       24%        N/A       21%         3
 Blink                    Tloc           2%         N/A       34%         2
 Manifold Assault         Tloc           1%         N/A       99%         5
 Dispersal                Tloc           0%         N/A       100%        6
 Storm Form               Tmut/Air       0%         N/A       100%        7
 Disjunction              Tloc           0%         N/A       100%        8
 Chain Lightning          Conj/Air       0%         2d1       100%        9
 Fire Storm               Conj/Fire      0%         6d1       100%        9
 Shatter                  Erth           0%         3d5*      100%        9


Dungeon Overview and Level Annotations

Branches:
Dungeon (7/15)
 Temple: D:4-7

Altars:
Uskayaw


Innate Abilities, Weirdness & Mutations

You are completely covered in rugged brown scales. (AC +3, +7% HP)
You have supernaturally acute eyesight. (SInv)
Armour fits poorly on your strangely shaped body.
You can roll at nearby foes to attack.
You have a long armoured tail.
You curl defensively after being hit. (AC +7*)
You have sharp fingernails.


Message History

The centaur is severely wounded.
The orc hits you with a +0 short sword.
The centaur hits itself.
The centaur kicks itself but does no damage.
You hit the centaur.
You kill the centaur!
You hit the orc.
The orc is poisoned.
The orc is moderately wounded.
The orc closely misses you.
You barely miss the orc.
The orc is moderately wounded.
The orc barely misses you.
You hit the orc.
The orc looks as sick as possible!
You tail-slap the orc.
You kill the orc!
Things that are here:
a +0 short sword; an orc corpse
f - 2 scrolls labelled LAIZXI JYADOCU (gained 1)
You now have 232 gold pieces (gained 9).
As you read the scroll labelled LAIZXI JYADOCU, it crumbles to dust.
It is a scroll of enchant weapon.
Your +4 dagger of venom glows red for a moment.
There is a stone staircase leading down here.
Autopickup is now off.
You see here a scroll of identify.
As you read the scroll of identify, it crumbles to dust.
l - a scroll of enchant armour You see here 12 gold pieces.
As you read the scroll of enchant armour, it crumbles to dust.
Your +0 helmet glows green for a moment.
As you read the scroll of enchant weapon, it crumbles to dust.
Your +5 dagger of venom glows red for a moment.
You now have 244 gold pieces (gained 12).
Autopickup is now on.
Found 8 gold pieces.
You now have 252 gold pieces (gained 8).
Found a stone staircase leading down.
Found a stone staircase leading up.
There is a stone staircase leading down here.
You climb downwards.
Found a potion of curing.
There is a stone staircase leading up here.
A steam dragon comes into view.
The steam dragon hisses angrily.
Okay, then.
The steam dragon breathes steam at you. The ball of steam hits you!
It was a potion of magic.
Magic courses through your body.
Casting: Confusing Touch (dangerous; 6% risk of failure)
Confirm with . or Enter, or press ? or * to list all spells.
Aiming: Ensorcelled Hibernation (safe; 7% risk of failure)
Press: ? - help, Shift-Dir - straight line, f - steam dragon
Aim: a steam dragon (chance to affect: 50%)
The steam dragon looks drowsy...
There's nothing you can charge at!
Unknown command.
Unknown command.
Unknown command.
Roll where?
Press: ? - help, Dir - move target, f/p - steam dragon
Aim: a steam dragon (asleep)
You roll forward with a clatter of scales!
The steam dragon hisses angrily.
You puncture the steam dragon!
You tail-slap the steam dragon, but do no damage.
The steam dragon is moderately wounded.
The steam dragon closely misses you. The steam dragon claws you.
Unknown command.
You hit the steam dragon.
The steam dragon is poisoned.
The steam dragon is moderately wounded.
You hit the steam dragon.
The steam dragon looks even sicker.
The steam dragon is heavily wounded.
The steam dragon breathes steam at you. The ball of steam misses you.
You barely miss the steam dragon.
The steam dragon is heavily wounded.
You are engulfed in a cloud of scalding steam.
The steam dragon bites you!
* * * LOW HITPOINT WARNING * * *
The steam dragon barely misses you.
Unknown command.
The steam dragon barely misses you. The steam dragon claws you.
* * * LOW HITPOINT WARNING * * *
Unknown command.
You hit the steam dragon but do no damage.
The steam dragon looks as sick as possible!
You tail-slap the steam dragon, but do no damage.
The steam dragon is heavily wounded.
Unknown command.
Okay, then.
It was a potion of mutation.
You feel extremely strange.
Your fingernails lengthen.
The steam dragon bites you but does no damage.
The steam dragon claws you.
* * * LOW HITPOINT WARNING * * *
Okay, then.
You hit the steam dragon but do no damage.
The steam dragon looks as sick as possible!
The steam dragon is severely wounded.
The steam dragon breathes steam at you. The ball of steam hits you!!
You die...

## ###... ##....
# #########..#
#...
#.!......D##...#
#........@...#
#.........####
#........##
#.......<#
#........#
#........#
##########


You could see a steam dragon (extremely poisoned, catching breath).

Vanquished Creatures
  Grinder (D:3)
  Sigmund (D:5)
  2 sky beasts
  An ogre (D:5)
  2 centaurs
  A phantom (D:6)
  A scorpion (D:6)
  A necrophage (D:6)
  2 jellies
  An orc priest (D:6)
  2 hounds (D:5)
  4 iguanas
  5 orc wizards
  Robin (D:3)
  A gnoll (D:4)
  6 adders
  4 ufetubi
  A worm (D:3)
  4 dart slugs
  14 orcs
  2 bats (D:1)
  4 endoplasms
  A giant cockroach (D:2)
  12 goblins
  9 hobgoblins
  4 quokkas
  6 ball pythons
  5 frilled lizards
  9 kobolds
  6 rats
113 creatures vanquished.

Notes
Turn   | Place    | Note
-------+----------+-------------------------------------------
     0 | D:1      | Flugslaktarn the Palentonga Enchanter began the quest for
                  | the Orb.
     0 | D:1      | Reached XP level 1. HP: 13/13 MP: 3/3
    56 | D:1      | Reached skill level 1 in Fighting
   125 | D:1      | Reached XP level 2. HP: 5/23 MP: 5/5
   235 | D:1      | Learned a level 2 spell: Ensorcelled Hibernation
   317 | D:1      | Found a faded altar of an unknown god.
   575 | D:1      | Reached skill level 1 in Ice Magic
   647 | D:2      | Reached XP level 3. HP: 23/28 MP: 4/6
   871 | D:3      | Reached XP level 4. HP: 30/37 MP: 3/7
   909 | D:3      | Identified the +1 leather armour of Defiance {rElec}
   938 | D:3      | Noticed Grinder
   950 | D:3      | Paralysed by Grinder for 2 turns
   959 | D:3      | Paralysed by Grinder for 7 turns
   975 | D:3      | Killed Grinder
   976 | D:3      | Reached XP level 5. HP: 4/44 MP: 8/8
   976 | D:3      | Reached XP level 6. HP: 4/51 MP: 9/9
  1165 | D:3      | Noticed Robin
  1176 | D:3      | Killed Robin
  1552 | D:5      | Entered Level 5 of the Dungeon
  1554 | D:5      | Reached skill level 5 in Fighting
  1756 | D:5      | Noticed Sigmund
  1843 | D:5      | Noticed a sky beast
  1851 | D:5      | Killed a sky beast
  1852 | D:5      | Gained mutation: You curl defensively after being hit. (AC
                  | +7*) [Palentonga growth]
  1852 | D:5      | Reached XP level 7. HP: 44/59 MP: 3/10
  2022 | D:6      | Reached skill level 5 in Short Blades
  2096 | D:6      | Learned a level 3 spell: Confusing Touch
  2224 | D:5      | Killed Sigmund
  2225 | D:5      | Reached skill level 5 in Hexes
  2225 | D:5      | Reached XP level 8. HP: 15/68 MP: 8/11
  2524 | D:5      | Found a hide-covered altar of Uskayaw.
  3061 | D:7      | Gained mutation: You have sharp fingernails. [potion of
                  | mutation]
  3062 | D:7      | Killed from afar by a steam dragon

Illustrated notes

Levels and vault maps discovered:
D:1:      dpeg_arrival_pits, layout_basic, nicolae_ecumenical_lake_church,
          minmay_pentomino_v4
D:2:      layout_loops_corners
D:3:      layout_loops_ring, wad_floor_pattern_untrapped, uniq_grinder,
          uniq_robin
D:4:      layout_basic, minmay_temple_entry_nine_rooms
D:5:      layout_layer_cave, mainiacjoe_overflow_chevrons, fountainhead,
          grunt_ministairs_13, uniq_sigmund
D:6:      corexii_shack_village, layout_loops_ring
D:7:      layout_rooms

Skill      XL: |  1  2  3  4  5  6  7  8 |
---------------+-------------------------+-----
Fighting       | 1 2 3 4 5 6 |  6.0
Ice Magic      | 1 2 |  2.0
Short Blades   | 2 3 5 6 |  6.0
Hexes          | 4 5 6 |  6.0
Dodging        | 2 |  2.7
Stealth        | |  2.0
Spellcasting   | |  2.0

Action                   |  1- 3 |  4- 6 |  7- 9 || total
-------------------------+-------+-------+-------++-------
Melee: Dagger            |   126 |    96 |   159 ||   381
       Tailslap          |     8 |     7 |    21 ||    36
       Morningstar       |     1 |       |       ||     1
       Punch             |     1 |     1 |       ||     2
 Cast: Ensorcelled Hiber |    10 |    28 |    14 ||    52
       Confusing Touch   |       |       |     5 ||     5
 Abil: Rolling Charge    |     2 |     8 |     7 ||    17
Evoke: Wand              |       |     1 |       ||     1
  Use: Potion            |       |     4 |     4 ||     8
       Scroll            |       |     3 |     5 ||     8
 Stab: Sleeping          |    15 |    17 |     7 ||    39
       Invisible         |       |     4 |       ||     4
       Confused          |       |       |     1 ||     1
Armor: Robe              |    45 |     3 |       ||    48
       Leather armour    |       |    28 |    49 ||    77
       Skin              |       |       |    25 ||    25
Dodge: Dodged            |    54 |    38 |    66 ||   158

Table legend: (Time is in decaauts)
 A = Elapsed time spent in this place.
 B = Non-inter-level travel time spent in this place.
 C = Inter-level travel time spent in this place.
 D = Time resting spent in this place.
 E = Time spent auto-exploring this place.
 F = Levels seen in this place.
 G = Mean time per level.
                   A        B        C        D        E       F      G
               +--------+--------+--------+--------+--------+-----+--------+
         Total |   3048 |   3020 |     28 |      3 |      0 |   7 |  435.4 |
       Dungeon |   3048 |   3020 |     28 |      3 |      0 |   7 |  435.4 |
               +--------+--------+--------+--------+--------+-----+--------+

Top non-repeatable levels by time:
     D:5: 713 daAuts
     D:3: 563 daAuts
     D:6: 511 daAuts
     D:4: 463 daAuts
     D:1: 416 daAuts
     D:2: 366 daAuts
     D:7: 14 daAuts
